 Dungeon Crawl Stone Soup version 0.31.0-32-g396128a36d (webtiles) character file.

Game seed: 7616754749688017134

350 Peloso the Slasher (level 6, -3/55 HPs)
             Began as a Minotaur Fighter on Mar 29, 2024.
             Slain by Crazy Yiuf
             ... wielding a +4 quarterstaff of chaos
              (4 damage)
             ... on level 4 of the Dungeon.
             The game lasted 00:08:22 (2822 turns).

Peloso the Slasher (Minotaur Fighter)               Turns: 2822, Time: 00:08:23

Health: -3/55      AC:  7    Str: 21      XL:     6   Next: 34%
Magic:  5/5        EV:  5    Int:  4 (5)  God:
Gold:   243        SH:  0    Dex: 10 (11) Spells: 5/5 levels left

rFire   . . .        a - +1 long sword (elec)
rCold   . . .        c - +0 buckler
rNeg    . . .        b - +0 scale mail
rPois   .            (helmet restricted)
rElec   .            (no cloak)
rCorr   .            (no gloves)
SInv    .            (no boots)
Will    .....        (no amulet) Stlth
                     (no ring)
HPRegen 0.29/turn    (no ring)
MPRegen 0.09/turn

%: no passive effects
@: held, slowed, very slow
A: horns 2, retaliatory headbutt
a: no special abilities


You were on level 4 of the Dungeon.
You visited 1 branch of the dungeon, and saw 4 of its levels.

You collected 243 gold pieces.

Inventory:

Hand Weapons
 a - a +1 long sword of electrocution (weapon)
Armour
 b - a +0 scale mail (worn)
 c - a +0 buckler (worn)
Jewellery
 f - a +5 ring of evasion
 h - an amulet of guardian spirit
 i - a +6 ring of intelligence
Wands
 m - a wand of polymorph (12)
 n - a wand of quicksilver (9)
 q - a wand of mindburst (9)
Scrolls
 e - 4 scrolls of teleportation
 j - a scroll of immolation
 k - 2 scrolls of enchant armour {unknown}
Potions
 d - a potion of might
 g - a potion of mutation
 l - a potion of curing {unknown}
 o - a potion of invisibility


   Skills:
 + Level 4.9 Fighting
 + Level 5.5 Long Blades
 + Level 5.1 Armour
 + Level 1.3 Dodging
 + Level 0.3 Stealth
 + Level 4.5 Shields


You had 5 spell levels left.
You didn't know any spells.
Your spell library contained the following spells:

 Spells                   Type           Power      Damage    Failure   Level
 Freeze                   Ice            0%         1d3       88%         1
 Mercury Vapours          Alch/Air       0%         N/A       95%         2
 Frozen Ramparts          Ice            0%         1d1       99%         3
 Gell's Gravitas          Tloc           0%         N/A       99%         3
 Hailstorm                Conj/Ice       0%         3d5       99%         3
 Mephitic Cloud           Conj/Alch/Air  0%         N/A       99%         3
 Teleport Other           Tloc           0%         N/A       99%         3
 Freezing Cloud           Conj/Ice/Air   0%         6-21      100%        5
 Dispersal                Tloc           0%         N/A       100%        6


Dungeon Overview and Level Annotations

Branches:
Dungeon (4/15)
 Temple: D:4-7

Altars:

Annotations:
D:4 Crazy Yiuf


Innate Abilities, Weirdness & Mutations

You have a pair of horns on your head.
You reflexively headbutt those who attack you in melee.


Message History

As you open the door, it creaks loudly!
There is an open door here.
There is an open door here.
There is an open door here.
You open the door.
There is an open door here.
There is an open door here.
You see here a +0 club.
Found a stone staircase leading up.
There is a stone staircase leading up here.
There is an open door here.
There is an open door here.
There is an open door here.
You see here a +0 dagger.
There is an open door here.
Crazy Yiuf shouts!
Crazy Yiuf yells, "Liver sing senile!"
Could not explore, unopened runed door.
You open the door. You barely miss Crazy Yiuf.
Crazy Yiuf hits you with a +4 quarterstaff of chaos!
You are electrocuted!
You block Crazy Yiuf's attack.
You closely miss Crazy Yiuf.
Crazy Yiuf hits you with a +4 quarterstaff of chaos.
Crazy Yiuf burns you.
You hit Crazy Yiuf.
Crazy Yiuf is moderately wounded.
Crazy Yiuf hits you with a +4 quarterstaff of chaos.
You feel yourself slow down.
You hit Crazy Yiuf. Lightning courses through Crazy Yiuf!
Crazy Yiuf is almost dead.
Crazy Yiuf hits you with a +4 quarterstaff of chaos!
The Crazy Yiuf's quarterstaff of chaos hits you!
You are caught in a web!
* * * LOW HITPOINT WARNING * * *
You struggle to detach yourself from the web.
Crazy Yiuf hits you with a +4 quarterstaff of chaos!
* * * LOW HITPOINT WARNING * * *
Crazy Yiuf burns you.
You die...

#...#########....#
#.### #....# #.#
♣.PP.♣ #.# ♣.P.♣♣
##.# ♣♣.♣♣ ...#
♣.♣♣ ...# ♣♣.♣ ...#
♣.♣♣ ...# ♣♣@♣ ...#
#g# ...# ...
#.########## #...#
#'##..##...# #..)#
#..........# #####
#.........>#
#..........########
'...........#.....#


You could see Crazy Yiuf.

Vanquished Creatures
  A phantom (D:3)
  A bombardier beetle (D:4)
  A hound (D:4)
  A sleepcap (D:4)
  An iguana (D:4)
  4 adders
  4 ribbon worms
  3 dart slugs
  An orc (D:3)
  12 bats
  9 endoplasms
  15 giant cockroaches
  11 goblins
  7 hobgoblins
  2 jackals (D:1)
  8 kobolds
  4 quokkas
  7 ball pythons
  2 frilled lizards (D:1)
  7 rats
101 creatures vanquished.

Notes
Turn   | Place    | Note
-------+----------+-------------------------------------------
     0 | D:1      | Peloso the Minotaur Fighter began the quest for the Orb.
     0 | D:1      | Reached XP level 1. HP: 19/19 MP: 0/0
     1 | D:1      | Found a runed translucent door.
   145 | D:1      | Reached XP level 2. HP: 9/27 MP: 1/1
   446 | D:1      | Reached XP level 3. HP: 33/33 MP: 2/2
   986 | D:2      | Reached XP level 4. HP: 40/41 MP: 3/3
  1322 | D:3      | Reached skill level 1 in Dodging
  1416 | D:3      | Noticed a phantom
  1434 | D:3      | Killed a phantom
  1435 | D:3      | Reached XP level 5. HP: 36/47 MP: 4/4
  2075 | D:4      | Reached skill level 5 in Long Blades
  2226 | D:4      | Reached skill level 5 in Armour
  2226 | D:4      | Reached XP level 6. HP: 52/55 MP: 5/5
  2604 | D:4      | Found a runed translucent door.
  2605 | D:4      | Noticed Crazy Yiuf
  2822 | D:4      | HP: 1/55 [Crazy Yiuf/+4 quarterstaff of chaos (10)]
  2822 | D:4      | Slain by Crazy Yiuf

Illustrated notes

Levels and vault maps discovered:
D:1:      dpeg_arrival_caged_fury, layout_basic, chequers_jeans
D:2:      layout_basic
D:3:      layout_loops_ring
D:4:      layout_gridville, dreamdust_mushroom_princess, reono_crystal_passage,
          kennysheep_nub, minmay_tree_intersection, hangedman_glass_garden,
          uniq_crazy_yiuf_cottage

Skill      XL: |  1  2  3  4  5 |
---------------+----------------+-----
Armour         | 4 5 |  5.1
Shields        | 4 |  4.5
Fighting       | 4 |  4.9
Long Blades    | 3 4 5 |  5.5
Dodging        | 1 |  1.3
Stealth        | |  0.3

Action                     |  1- 3 |  4- 6 || total
---------------------------+-------+-------++-------
  Melee: Long sword        |   108 |   100 ||   208
         Headbutt          |    11 |    17 ||    28
    Use: Scroll            |       |     6 ||     6
         Potion            |       |     4 ||     4
 Armour: Scale mail        |   118 |    76 ||   194
  Dodge: Dodged            |    94 |    46 ||   140
  Block: Buckler           |    35 |    19 ||    54
